 Dungeon Crawl Stone Soup version 0.28-a0-247-gb8bfbab023 (webtiles) character file.

Game seed: 4245644724835180017

515 willcat the Covert (level 7, 0/41 HPs)
             Began as a Kobold Delver on Aug 25, 2021.
             Was an Initiate of Gozag.
             Splashed by a jelly's acid (9 damage)
             ... on level 7 of the Dungeon.
             The game lasted 00:02:15 (1317 turns).

willcat the Covert (Kobold Delver)                  Turns: 1317, Time: 00:02:16

Health: 0/41       AC: -9    Str: 10    XL:     7   Next: 44%
Magic:  7/7        EV: 16    Int: 12    God:    Gozag
Gold:   62         SH:  0    Dex: 17    Spells: 6/6 levels left

rFire   . . .      SeeInvis .   l - +0 rapier
rCold   . . .      Faith    .   (shield restricted)
rNeg    . . .      Spirit   .   b - +0 leather armour
rPois   .          Reflect  .   (no helmet)
rElec   .          Harm     .   (no cloak)
rCorr   .          Rampage  .   (no gloves)
Will    .....                   (no boots)
Stlth   +++++.....              (no amulet)
HPRegen 0.13/turn               (no ring)
MPRegen 0.10/turn               (no ring)

@: corroded
A: small, no large weapons, nightstalker 3
a: Renounce Religion, Potion Petition, Call Merchant, Bribe Branch


You were on level 7 of the Dungeon.
You worshipped Gozag.
Gozag was noncommittal.
You visited 2 branches of the dungeon, and saw 4 of its levels.

You collected 77 gold pieces.
You paid 15 gold pieces to Gozag.

Inventory:

Hand Weapons
 a - a +0 short sword
 l - a +0 rapier (weapon)
Missiles
 h - 17 poisoned darts (quivered)
Armour
 b - a +0 leather armour (worn)
Wands
 g - a wand of digging (2)
Scrolls
 c - a scroll of fog
 d - a scroll of magic mapping
 e - a scroll of noise {unknown}
 j - a scroll of identify {unknown}
Potions
 f - a potion of haste
 i - a potion of ambrosia {unknown}
 k - a potion of flight {unknown}
 m - a potion of mutation {unknown}


   Skills:
 - Level 3.2 Fighting
 + Level 6.1 Short Blades
 + Level 5.6 Dodging
 + Level 9.0 Stealth


You had 6 spell levels left.
You didn't know any spells.
Your spell library contained the following spells:

 Spells                   Type           Power      Damage    Failure   Level
 Dazzling Flash           Conj/Hex       0%         N/A       80%         3
 Agony                    Necr           0%         N/A       100%        5
 Silence                  Hex/Air        0%         N/A       100%        5


Dungeon Overview and Level Annotations

Branches:
Dungeon (7/15)             Temple (1/1) D:6

Altars:
Ashenzari
Fedhas
Gozag
Hepliaklqana
Kikubaaqudgha
Makhleb
Ru
Sif Muna
Vehumet
Xom
Yredelemnul
The Shining One

Annotations:
D:5 Dowan, Duvessa
D:6 1 runed translucent door, CowFu's ghost, novice TrMo


Innate Abilities, Weirdness & Mutations

You are small and have problems with some larger weapons.
You are completely attuned to the shadows.


Message History

A jelly is nearby!
You close the door.
You hear a slurping noise.
The jelly eats the door!
The jelly barely misses you.
You hit the jelly but do no damage.
Your hands burn!
A centaur zombie comes into view.
The jelly closely misses you.
A scorpion comes into view.
You hit the jelly but do no damage.
Your hands burn!
The jelly hits you but does no damage.
Aiming: Dig
Press: ? - help, Shift-Dir - straight line You can't see that place.
The rock shatters into small pieces.
The jelly misses you. The jelly misses you.
There is a stone staircase leading down here.
The jelly barely misses you.
You climb downwards.
There is a stone staircase leading up here.
Unknown command.
You hit the jelly. The acid corrodes you!
Your hands burn!
The jelly is moderately wounded.
The jelly barely misses you.
You hit the jelly.
Your hands burn!
The jelly is heavily wounded.
You hit the jelly but do no damage. The acid corrodes you!
Your hands burn!
The jelly is heavily wounded.
The jelly hits you.
You are splashed with acid!
You hit the jelly but do no damage. The acid corrodes you!
Your hands burn!
The jelly is heavily wounded.
The jelly barely misses you.
You hit the jelly but do no damage.
Your hands burn!
* * * LOW HITPOINT WARNING * * *
The jelly is heavily wounded.
The jelly hits you.
* * * LOW HITPOINT WARNING * * *
You are splashed with acid!
You die...
Your body crumbles into a pile of gold.

######
#@...#
#.J..#
#.####
#.#
#.#


You could see a jelly.

Vanquished Creatures
  Sigmund (D:5)
  An ogre (D:6)
  A necrophage (D:6)
  A hound (D:6)
  An orc priest (D:6)
  2 jellies (D:5)
  2 iguanas
  A howler monkey zombie (D:6)
  7 orcs
17 creatures vanquished.

Notes
Turn   | Place    | Note
-------+----------+-------------------------------------------
     0 | D:5      | willcat the Kobold Delver began the quest for the Orb.
     0 | D:5      | Reached XP level 1. HP: 14/14 MP: 1/1
    23 | D:5      | Noticed a jelly
    27 | D:5      | Killed a jelly
    28 | D:5      | Reached skill level 7 in Stealth
    28 | D:5      | Reached XP level 2. HP: 19/19 MP: 2/2
    28 | D:5      | Reached XP level 3. HP: 23/23 MP: 3/3
    37 | D:5      | Reached XP level 4. HP: 28/28 MP: 4/4
    59 | D:5      | Noticed Sigmund
    62 | D:5      | Killed Sigmund
    63 | D:5      | Reached skill level 5 in Short Blades
    63 | D:5      | Reached skill level 8 in Stealth
    63 | D:5      | Reached XP level 5. HP: 32/32 MP: 5/5
    63 | D:5      | Reached XP level 6. HP: 37/37 MP: 6/6
   205 | D:5      | Noticed Duvessa
   205 | D:5      | Noticed Dowan
   476 | D:6      | Noticed an ogre
   480 | D:6      | Killed an ogre
   481 | D:6      | Reached skill level 5 in Dodging
   513 | D:6      | Found a staircase to the Ecumenical Temple.
   579 | Temple   | Entered the Ecumenical Temple
   647 | Temple   | Became a worshipper of Gozag Ym Sagoz the Greedy
   706 | D:6      | Reached XP level 7. HP: 41/41 MP: 7/7
   948 | D:6      | Found a burning altar of Makhleb.
  1001 | D:6      | Reached skill level 9 in Stealth
  1056 | D:6      | Found a runed translucent door.
  1056 | D:6      | Found a shimmering altar of Xom.
  1056 | D:6      | Noticed CowFu's ghost (novice TrMo)
  1057 | D:6      | Noticed a +2 rapier of chaos
  1061 | D:6      | Found a glowing golden altar of the Shining One.
  1317 | D:7      | Splashed by a jelly's acid

Illustrated notes

Levels and vault maps discovered:
D:5:      layout_loops_ring, uniq_sigmund, uniq_duvessa
D:6:      layout_basic, mainiacjoe_overflow_large_starburst,
          minmay_temple_entry_ruins, ebering_ghost_xom
D:7:      layout_basic
Temple:   eino_narrow_crystal_temple

Skill      XL: |  1  2  3  4  5  6  7 |
---------------+----------------------+-----
Short Blades   | 3 5 6 |  6.1
Dodging        | 3 4 5 |  5.6
Stealth        | 7 8 9 |  9.0
Fighting       | |  3.2

Action                   |  1- 3 |  4- 6 |  7- 9 || total
-------------------------+-------+-------+-------++-------
Melee: Short sword       |     2 |    24 |     1 ||    27
       Rapier            |       |       |    19 ||    19
Evoke: Wand              |       |       |     1 ||     1
  Use: Scroll            |       |     1 |       ||     1
 Stab: Sleeping          |     2 |     6 |     4 ||    12
Armor: Leather armour    |       |     3 |     2 ||     5
Dodge: Dodged            |       |     8 |    11 ||    19

Table legend: (Time is in decaauts)
 A = Elapsed time spent in this place.
 B = Non-inter-level travel time spent in this place.
 C = Inter-level travel time spent in this place.
 D = Time resting spent in this place.
 E = Time spent auto-exploring this place.
 F = Levels seen in this place.
 G = Mean time per level.
                   A        B        C        D        E       F      G
               +--------+--------+--------+--------+--------+-----+--------+
         Total |   1310 |   1285 |     25 |    206 |    764 |   4 |  327.5 |
       Dungeon |   1233 |   1216 |     17 |    206 |    713 |   3 |  411.0 |
        Temple |     76 |     68 |      8 |      0 |     51 |   1 |   76.0 |
               +--------+--------+--------+--------+--------+-----+--------+

Top non-repeatable levels by time:
     D:6: 950 daAuts
     D:5: 278 daAuts
  Temple: 76 daAuts
     D:7: 4 daAuts
